 Dungeon Crawl Stone Soup version 0.32-a0-898-g7811c86cf0 (webtiles) character file.

Game seed: 16545391612407300487

398 Griffin23 the Slasher (level 6, 0/56 HPs)
             Began as a Minotaur Fighter on Apr 4, 2024.
             Succumbed to an adder's poison
             ... in a sewer.
             The game lasted 00:03:23 (2563 turns).

Griffin23 the Slasher (Minotaur Fighter)            Turns: 2563, Time: 00:03:23

Health: 0/56       AC: 12    Str: 22    XL:     6   Next: 53%
Magic:  5/5        EV:  5    Int:  5    God:
Gold:   144        SH:  4    Dex: 10    Spells: 5/5 levels left

rFire   . . .        a - +0 long sword
rCold   . . .        c - +0 buckler
rNeg    + . .        k - +0 plate armour
rPois   .            (helmet restricted)
rElec   .            (no cloak)
rCorr   .            (no gloves)
SInv    .            (no boots)
Will    .....        (no amulet) Stlth
                     p - ring of positive energy
HPRegen 0.29/turn    (no ring)
MPRegen 0.09/turn

%: no passive effects
@: lethally poisoned (0 -> -3), hasted, quick
A: horns 2, retaliatory headbutt
a: no special abilities


You were in a sewer.
You visited 1 branch of the dungeon, and saw 3 of its levels.
You also visited: Sewer.

You collected 144 gold pieces.

Inventory:

Hand Weapons
 a - a +0 long sword (weapon)
Armour
 b - a +0 scale mail
 c - a +0 buckler (worn)
 k - a +0 plate armour (worn)
Jewellery
 p - a ring of positive energy (left hand)
Scrolls
 e - 6 scrolls of identify {unknown}
 g - 3 scrolls of teleportation {unknown}
 h - a scroll of brand weapon {unknown}
 i - a scroll of amnesia
 j - 2 scrolls of revelation {unknown}
 l - a scroll of enchant weapon {unknown}
 n - a scroll of butterflies {unknown}
 o - a scroll of blinking {unknown}
 r - a scroll of vulnerability {unknown}
Potions
 d - a potion of might
 q - a potion of lignification {unknown}
 s - a potion of magic {unknown}


   Skills:
 + Level 5.1 Fighting
 * Level 5.5 Long Blades
 + Level 5.1 Armour
 + Level 5.1 Shields


You had 5 spell levels left.
You didn't know any spells.
Your spell library was empty.

Dungeon Overview and Level Annotations

Branches:
Dungeon (3/15)              Sewer (1/1)

Altars:


Innate Abilities, Weirdness & Mutations

You have a pair of horns on your head.
You reflexively headbutt those who attack you in melee.


Message History

The adder is heavily wounded.
The adder bites you but does no damage. x2
The endoplasm hits you but does no damage.
The adder bites you but does no damage. The adder bites you.
The endoplasm freezes you.
You are frozen.
* * * LOW HITPOINT WARNING * * *
You miss the adder.
The adder is heavily wounded.
The adder bites you.
* * * LOW HITPOINT WARNING * * *
The adder bites you but does no damage. The endoplasm freezes you.
You are frozen.
* * * LOW HITPOINT WARNING * * *
The adder bites you but does no damage. x2
You feel very mighty all of a sudden. The adder bites you.
* * * LOW HITPOINT WARNING * * *
The endoplasm freezes you.
You are frozen.
* * * LOW HITPOINT WARNING * * *
The adder barely misses you. You furiously retaliate!
You headbutt the adder!
As you read the scroll labelled WYTHRU LEDDEYSCHU, it crumbles to dust.
It is a scroll of amnesia.
You feel forgetful for a moment. The adder bites you.
* * * LOW HITPOINT WARNING * * *
You are lethally poisoned!
The adder poisons you! The adder bites you but does no damage.
The endoplasm hits you but does no damage.
It was a potion of cancellation.
Your magical effects are unravelling.
You feel magically purged.
You feel a little less mighty now.
* * * LOW HITPOINT WARNING * * *
You feel sick.
The adder bites you but does no damage. x2
The endoplasm hits you but does no damage.
The adder bites you but does no damage. x2
It was a potion of haste.
You feel yourself speed up.
You die...

#####################
...~~≈≈≈≈≈~~~≈≈≈≈~#.###
..~~≈~≈≈~JS~#≈≈≈≈~~...##
..~~≈≈~~#S@≈~~~~≈~.....#
..~#~~~≈≈≈≈~≈~~~~~...†.#
...≈~≈~≈≈≈≈≈≈≈≈≈~~.....##
...≈~≈≈≈≈≈≈≈≈≈≈≈≈~......#
####################....#
####...## #..#....#
#..'....# #####...#


You could see 2 adders and an endoplasm.

Vanquished Creatures
  2 bullfrogs (Sewer)
  Terence (D:2)
  6 gnolls
  3 river rats (Sewer)
  9 adders
  3 ribbon worms
  8 endoplasms
  A giant cockroach (D:2)
  5 goblins
  2 hobgoblins (D:2)
  4 quokkas
  14 ball pythons
  3 bats
  7 frilled lizards
  5 kobolds
  23 rats
96 creatures vanquished.

Notes
Turn   | Place    | Note
-------+----------+-------------------------------------------
     0 | D:1      | Griffin23 the Minotaur Fighter began the quest for the Orb.
     0 | D:1      | Reached XP level 1. HP: 19/19 MP: 0/0
   244 | D:1      | Reached XP level 2. HP: 19/27 MP: 1/1
   701 | D:1      | Reached XP level 3. HP: 30/33 MP: 2/2
  1002 | D:2      | Noticed Terence
  1012 | D:2      | Killed Terence
  1179 | D:2      | Reached XP level 4. HP: 40/40 MP: 3/3
  1513 | D:2      | Reached XP level 5. HP: 39/47 MP: 4/4
  1542 | D:2      | Found a faded altar of an unknown god.
  2009 | D:3      | Found a glowing drain.
  2050 | Sewer    | Entered a sewer
  2453 | Sewer    | Reached skill level 5 in Long Blades
  2543 | Sewer    | Reached skill level 5 in Armour
  2543 | Sewer    | Reached skill level 5 in Shields
  2543 | Sewer    | Reached XP level 6. HP: 42/55 MP: 5/5
  2544 | Sewer    | Reached skill level 5 in Fighting
  2560 | Sewer    | HP: 2/56 [frozen (5)]
  2563 | Sewer    | Succumbed to an adder's poison

Illustrated notes

Levels and vault maps discovered:
D:1:      lightli_arrival_farm, layout_loops_ring, nicolae_grassy_gnolls
D:2:      layout_basic, basic_ecumenical_altar, st_stairs_10, uniq_terence
D:3:      layout_rooms, portal_sewer_entry_c
Sewer:    sewer_minmay_w

Skill      XL: |  1  2  3  4  5  6 |
---------------+-------------------+-----
Fighting       | 4 5 |  5.1
Long Blades    | 3 4 5 |  5.5
Armour         | 4 5 |  5.1
Shields        | 4 5 |  5.1

Action                     |  1- 3 |  4- 6 || total
---------------------------+-------+-------++-------
  Melee: Long sword        |    69 |   211 ||   280
         Headbutt          |     7 |    18 ||    25
    Use: Potion            |       |     3 ||     3
         Scroll            |       |     1 ||     1
 Armour: Scale mail        |    34 |       ||    34
         Plate armour      |    27 |   416 ||   443
  Dodge: Dodged            |    22 |    96 ||   118
  Block: Buckler           |    10 |    71 ||    81

Table legend: (Time is in decaauts)
 A = Elapsed time spent in this place.
 B = Non-inter-level travel time spent in this place.
 C = Inter-level travel time spent in this place.
 D = Time resting spent in this place.
 E = Time spent auto-exploring this place.
 F = Levels seen in this place.
 G = Mean time per level.
                   A        B        C        D        E       F      G
               +--------+--------+--------+--------+--------+-----+--------+
         Total |   2681 |   2593 |     88 |    160 |   1790 |   4 |  670.2 |
       Dungeon |   2114 |   2026 |     88 |      0 |   1571 |   3 |  704.7 |
         Sewer |    567 |    567 |      0 |    160 |    218 |   1 |  567.0 |
               +--------+--------+--------+--------+--------+-----+--------+

Top non-repeatable levels by time:
     D:1: 1038 daAuts
     D:2: 842 daAuts
   Sewer: 567 daAuts
     D:3: 233 daAuts
